 Dungeon Crawl Stone Soup version 0.18-a0-1800-gdc7a371 (webtiles) character file.

691110 Moloch the Skullcrusher (level 27, -7/338 HPs)
             Began as an Ogre Gladiator on Apr 21, 2016.
             Was the Champion of the Shining One.
             Killed from afar by a hellion (28 damage)
             ... with a damnation
             ... in Pandemonium on Apr 24, 2016.
             The game lasted 06:17:22 (90639 turns).

Moloch the Skullcrusher (Ogre Gladiator)           Turns: 90639, Time: 06:17:23

Health: -7/338     AC: 42    Str: 34    XL:     27
Magic:  16/33      EV:  9    Int: 11    God:    the Shining One [******]
Gold:   1908       SH:  0    Dex: 11    Spells: 3 memorised, 12 levels left

rFire  + + +     SeeInvis .     R - +9 giant spiked club (holy)
rCold  + + .     Gourm    .     e - +12 gold dragon armour
rNeg   + + +     Faith    .     (shield currently unavailable)
rPois  +         Spirit   .     G - +2 hat "Titraiv" {Int+2 Slay+3}
rElec  +         Dismiss  .     P - +2 cloak of the Nexus {rPois rF+ rC+}
rCorr  .         Reflect  .     (gloves unavailable)
SustAt .         Harm     .     (boots unavailable)
MR     ++++.                    w - amulet of Vitality {Regen+ HP+15}
Stlth  ..........               q - ring of protection from magic
                                u - ring of protection from fire

@: about to teleport, very slightly contaminated, glowing, incredibly resistant
to hostile enchantments, extremely unstealthy
A: unfitting armour, claws 1, hooves 1, agile 1, blurry vision 1, magic
resistance 1, mutation resistance 1, sense surroundings 1, electricity
resistance, tough skin 1, weak 1, gelatinous body 1, jelly sensing items, jelly
absorbing missiles
a: Divine Shield, Cleansing Flame, Summon Divine Warrior, Renounce Religion
}: 4/15 runes: decaying, silver, abyssal, gossamer


You were in Pandemonium.
You worshipped the Shining One.
The Shining One was exalted by your worship.
You were not hungry.

You visited 11 branches of the dungeon, and saw 56 of its levels.
You visited Pandemonium 1 time, and saw 4 of its levels.
You visited the Abyss 6 times.
You visited 1 bazaar.
You also visited: Trove and Volcano.

You collected 9330 gold pieces.
You spent 3998 gold pieces at shops.
You donated 3424 gold pieces to Zin.

Inventory:

Hand Weapons
 a - a +4 executioner's axe of pain
 l - a +1 eveningstar of protection
 t - the +3 giant spiked club "Suoxt" {freeze, +Blink rC+}
   (Okawaru gifted it to you on level 7 of the Lair of Beasts)

   It has been specially enchanted to freeze those struck by it, causing extra
   injury to most foes and up to half again as much damage against particularly
   susceptible opponents.
   It can also slow down cold-blooded creatures.
   It protects you from cold.
   It lets you blink.
 R - a +9 giant spiked club of holy wrath (weapon)
 T - the +1 dire flail "Bosasaal" {elec, -Tele rElec rC+ Int+4}
   (Okawaru gifted it to you on level 3 of the Vaults)

   Occasionally, upon striking a foe, it will discharge some electrical energy
   and cause terrible harm.
   It affects your intelligence (+4).
   It protects you from cold.
   It insulates you from electricity.
   It prevents most forms of teleportation.
 U - the +4 giant spiked club of Okawaru's Hatred {crush, rF++ Int-3 Dex+4}
   (Okawaru gifted it to you on level 6 of the Lair of Beasts)

   It inflicts extra damage upon your enemies.
   It affects your intelligence (-3).
   It affects your dexterity (+4).
   It greatly protects you from fire.
Missiles
 b - 111 large rocks (quivered)
 f - 3 throwing nets {=f}
 V - 2 javelins of penetration {=f}
Armour
 e - a +12 gold dragon armour (worn)
 G - the +2 hat "Titraiv" (worn) {Int+2 Slay+3}
   (You acquired it on level 7 of the Lair of Beasts)

   It affects your intelligence (+2).
   It affects your accuracy and damage with ranged weapons and melee attacks
   (+3).
 P - the +2 cloak of the Nexus (worn) {rPois rF+ rC+}
   (You acquired it on level 8 of the Lair of Beasts)

   It protects you from fire.
   It protects you from cold.
   It protects you from poison.
Jewellery
 i - the ring "Pin Guph" {rCorr Dex+2}
   (You found it on level 3 of the Vaults)

   [ring of resist corrosion]

   It affects your dexterity (+2).
 q - a ring of protection from magic (right claw)
 u - a ring of protection from fire (left claw)
 w - the amulet of Vitality (around neck) {Regen+ HP+15}
   (You took it off a vault guard on level 5 of the Vaults)

   [amulet of regeneration]

   It affects your health (+15).
   It increases your rate of regeneration.
 E - an uncursed ring of flight
 H - the ring "Rygoy" {rElec rC+ Slay-5 SInv}
   (You found it on level 3 of the Crypt)

   [ring of see invisible]

   It affects your accuracy and damage with ranged weapons and melee attacks
   (-5).
   It protects you from cold.
   It insulates you from electricity.
   It lets you see invisible.
 W - the ring "Tolysas" {+Inv rC+}
   (You found it on level 2 of the Orcish Mines)

   [ring of protection from cold]

   It protects you from cold.
   It lets you turn invisible.
Wands
 k - a wand of digging (9/24)
Scrolls
 d - 11 scrolls of magic mapping
 h - a scroll of silence
 j - 8 scrolls of teleportation
 m - 19 scrolls of recharging
 o - a scroll of enchant armour
 p - 4 scrolls of fog
 s - 20 scrolls of identify
 y - 7 scrolls of blinking
 A - 22 scrolls of remove curse
 B - 2 scrolls of holy word
 D - 2 scrolls of summoning
 Q - 7 scrolls of fear
Potions
 g - 2 potions of mutation
 n - 7 potions of flight
 r - 2 potions of berserk rage
 v - 5 potions of haste
 C - 9 potions of might
 F - 14 potions of curing
 S - 12 potions of agility
 X - a potion of cure mutation
 Y - 4 potions of resistance
Miscellaneous
 x - 2 phantom mirrors
 K - an ornate deck of wonders {Wild Magic}
Comestibles
 J - 16 meat rations
 Z - 15 bread rations


   Skills:
 O Level 27 Fighting
 O Level 27 Maces & Flails
 + Level 25.3 Throwing
 - Level 19.7 Armour
 - Level 10.5 Dodging
 - Level 13.5 Invocations
 - Level 10.7 Evocations


You had 12 spell levels left.
You knew the following spells:

 Your Spells              Type           Power        Failure   Level  Hunger
a - Regeneration          Chrm/Necr      #.........   100%        3    ####...
b - Silence               Hex/Air        #.........   100%        5    ######.
c - Deflect Missiles      Chrm/Air       #.........   100%        6    #######


Dungeon Overview and Level Annotations

Branches:
Dungeon (15/15)            Temple (1/1) D:4            Lair (8/8) D:11
  Swamp (4/4) Lair:4       Spider (4/4) Lair:4        Slime (6/6) Lair:7
    Orc (2/2) D:9             Elf (3/3) Orc:2        Vaults (5/5) D:13
  Crypt (3/3) Vaults:2       Tomb (0/3) Crypt:3      Depths (5/5) D:15
    Zot (0/5) Depths:5

Altars:
Ashenzari
Cheibriados
Dithmenos
Elyvilon
Fedhas
Gozag
Kikubaaqudgha
Makhleb
Nemelex Xobeh
Okawaru
Pakellas
Qazlal
Ru
Sif Muna
Trog
Vehumet
Xom
Yredelemnul
Zin
The Shining One
Beogh
Jiyva

Shops:
D:4 !   D:5 :   D:11 ?:?%   Orc:2 *}%(   Elf:1 *   Elf:2 [   Vaults:1 [:***
Depths:2 *

Portals:
Hell: Depths:1 Depths:2 Depths:3 Depths:4 Depths:5
Abyss: Depths:1 Depths:3 Depths:4
Pandemonium: Depths:3 Depths:4
Ziggurat: Depths:3

Annotations:
Slime:6 Royal Jelly
Orc:2 exclusion: door
Elf:2 exclusion: downstairs


Innate Abilities, Weirdness & Mutations

You are too large for most types of armour.
You have tough skin (AC +1).
You have sharp fingernails.
You have large cloven feet.
You are agile. (Dex +2)
Scrolls take you a little longer to read.
You are resistant to hostile enchantments.
You are somewhat resistant to further mutation.
You passively map a small area around you.
You are resistant to electric shocks.
You are weak. (Str -2)
Your rubbery body absorbs attacks (AC +1).
You have a small jelly attached to you that senses nearby items.
You have a small jelly attached to you that may absorb incoming projectiles.


Message History

* * * LOW HITPOINT WARNING * * *
The blizzard demon gestures at you. The freezing blast engulfs you! You resist.
* * * LOW HITPOINT WARNING * * *
You begin reading the scroll.
You continue reading the scroll.
You are engulfed in freezing vapours.
You resist.
* * * LOW HITPOINT WARNING * * *
You feel sick.
Your daeva calls down the wrath of the Shining One upon the hellion.
The hellion is smitten.
As you read the scroll of teleportation, it crumbles to dust.
You feel strangely unstable.
Unknown command.
Unknown command.
Unknown command.
Drink which item? (? for menu, Esc to quit)
You feel better.
You are engulfed in freezing vapours.
You resist. The hellion gestures at you.
The damnation unfurls!
The damnation engulfs you!
You die...

, * ...#####., , , ,
........., .........,, *
..........# #........ ,
...........# #......).,
...3.......# #.....3..
........(..# #§§.....4 ,
, .........2.#
#@§......,
,......22...####§§......
.......3X.....63.A.....
......326§...2......2..
####..1###############
#((.# #...# * #.... **
*#..1. *


You could see a blizzard demon, a putrid black sun, 2 sun demons, a hellion, a
red devil and a friendly daeva.

Vanquished Creatures
  3 ancient liches
  The ghost of Qrupt the Shapeless Naga, a legendary NaFi of Cheibriados (Pan)
  Mara (Spider:3)
  A greater mummy (Crypt:3)
  2 pandemonium lords (Pan)
  Norris (Elf:2)
  Saint Roka (Crypt:2)
  Arachne (Spider:3)
  2 golden dragons (Vaults:5)
  4 bone dragons (Abyss:1)
  A Tzitzimitl (Pan)
  An iron giant (Depths:3)
  Jorgrun (Depths:2)
  An iron giant (shapeshifter) (Depths:1)
  2 Brimstone Fiends (Pan)
  3 liches (Crypt:3)
  3 tentacled monstrosities
  3 deep elf blademasters
  2 Hell Sentinels
  5 Ice Fiends (Pan)
  11 titans
  Asterion (Elf:1)
  4 deep elf master archers
  A quicksilver dragon (Vaults:5)
  4 sphinxes
  2 Executioners (Pan)
  Kirke (Lair:8)
  Frances (Elf:1)
  12 tentacled starspawn
  10 acid blobs
  3 thorn hunters
  An ancient champion (Crypt:2)
  8 shadow dragons
  3 storm dragons
  4 warmongers (Pan)
  Donald (Lair:4)
  21 frost giants
  An azure jelly (Slime:6)
  18 fire giants
  2 tengu reavers
  8 deep elf sorcerers
  6 emperor scorpions
  A draconian scorcher (Abyss:3)
  Maud (Lair:8)
  Louise (D:15)
  2 balrugs
  26 vault wardens
  6 ghost moths
  3 curse skulls
  3 deep elf elementalists
  2 cacodemons
  2 orc warlords
  5 reapers
  11 ghouls
  22 very ugly things
  15 ironheart preservers
  An ophan (Abyss:5)
  2 war gargoyles
  5 vampire knights
  31 stone giants
  A draconian caller (Abyss:1)
  2 green draconians
  A draconian annihilator (Depths:5)
  33 starcursed masses
  5 chaos champions (Pan)
  12 deep elf demonologists
  3 corrupters (Pan)
  4 blood saints (Pan)
  3 black draconians
  12 deep elf annihilators
  2 salamander stormcallers
  2 yellow draconians
  2 black suns (Pan)
  A lorocyproca (Abyss:5)
  11 spark wasps
  A dire elephant (Lair:8)
  13 eidola
  A merfolk javelineer (Depths:1)
  2 blizzard demons
  10 deep elf death magi
  25 yaktaur captains
  3 green deaths
  21 ettins
  7 jiangshi
  Josephine (Spider:1)
  4 deep elf high priests
  A great orb of eyes (shapeshifter) (Depths:1)
  36 vault guards
  2 quicksilver dragon zombies
  10 fire dragons
  2 quicksilver dragon skeletons
  8 great orbs of eyes
  A hell beast (Pan)
  21 hydras
  8 ice dragons
  2 ghost crabs (Swamp:1)
  10 rakshasas
  8 entropy weavers
  A monstrous demonspawn (Pan)
  13 ogre magi
  Erica (D:8)
  7 spriggan air magi
  14 centaur warriors
  Erolcha (Orc:1)
  A catoblepas (Lair:8)
  37 dancing weapons
  A satyr (shapeshifter) (Vaults:5)
  9 alligators
  A queen ant (Lair:3)
  8 tengu warriors
  3 death knights
  16 deep troll shamans
  A hell hog (shapeshifter) (Depths:5)
  18 deep troll earth magi
  12 death yaks
  31 large abominations
  Urug (Lair:1)
  4 spriggan berserkers
  5 hell hogs
  3 titan zombies (Crypt:3)
  11 thrashing horrors
  4 orc high priests (Orc:2)
  7 vampire magi
  15 sun demons
  37 deep elf knights
  6 spriggans
  Sonja (Lair:3)
  A storm dragon zombie (Crypt:3)
  10 wretched stars
  9 soul eaters
  4 iron trolls
  22 skeletal warriors
  A spectral anaconda (Depths:4)
  20 hell knights
  3 titan skeletons
  3 shadow wraiths
  A shadow demon (Pan)
  A fire crab (Vaults:1)
  A death drake (Depths:4)
  5 unseen horrors
  A giant orange brain (shapeshifter) (Depths:1)
  3 flayed ghosts
  A quicksilver dragon simulacrum (Crypt:3)
  A putrid demonspawn (Pan)
  A storm dragon skeleton (Crypt:3)
  2 spriggan druids (Swamp:2)
  2 orange crystal statues (Depths:4)
  2 spatial maelstroms
  8 swamp dragons
  10 giant orange brains
  3 infernal demonspawn (Pan)
  A shadow dragon zombie (Crypt:3)
  59 deep trolls
  4 gelid demonspawn (Pan)
  2 torturous demonspawn (Pan)
  A golden dragon skeleton (Abyss:3)
  A spectral hydra (Depths:4)
  2 shambling mangroves
  3 harpies (shapeshifter)
  An anubis guard (shapeshifter) (Vaults:1)
  8 hill giants
  54 ugly things
  29 deep elf archers
  24 necromancers
  16 orc knights
  2 iron dragon zombies (Crypt:3)
  2 mana vipers (Depths:4)
  18 ironbrand convokers
  3 shining eyes
  24 phantasmal warriors
  18 orb spiders
  97 deep elf magi
  16 harpies
  8 wizards
  3 frost giant zombies
  5 orc sorcerers
  4 griffons
  3 worldbinders
  2 moths of wrath (shapeshifter)
  A hornet (shapeshifter) (Depths:3)
  9 hornets
  37 wolf spiders
  6 cyclopes
  2 manticores (shapeshifter)
  3 moths of wrath
  2 shining eyes (shapeshifter)
  14 elephants
  An elephant (shapeshifter) (Vaults:5)
  An iron dragon skeleton (D:15)
  A cyclops (shapeshifter) (Vaults:4)
  3 sixfirhies
  3 toenail golems (Volcano)
  Maurice (D:9)
  A guardian serpent (Abyss:1)
  2 rust devils
  A stone giant skeleton (Vaults:3)
  Joseph (D:8)
  17 vault sentinels
  2 death oozes
  3 black mambas (shapeshifter)
  3 apocalypse crabs (Abyss:1)
  3 orange demons (Pan)
  6 centaur zombies
  A fire giant skeleton (Crypt:3)
  6 black mambas
  3 gargoyles
  3 torpor snails
  2 dire elephant zombies (Crypt:3)
  2 eyes of devastation
  12 smoke demons
  An elf zombie (Vaults:5)
  2 hellions
  12 freezing wraiths
  16 spiny frogs
  A yaktaur zombie (D:15)
  An emperor scorpion zombie (Crypt:2)
  A shock serpent skeleton (Crypt:1)
  84 yaktaurs
  4 kobold demonologists
  A komodo dragon (shapeshifter) (Vaults:2)
  6 komodo dragons
  A dire elephant skeleton (Crypt:3)
  An efreet (Abyss:5)
  21 demonic crawlers
  An ice devil (Pan)
  3 anaconda simulacra (Depths:4)
  A catoblepas skeleton (Abyss:1)
  7 tormentors (Pan)
  8 ancient zymes
  A redback zombie (Crypt:2)
  4 spectral merfolk (Depths:4)
  4 tengu conjurers
  15 hellwings
  A queen bee (Abyss:5)
  A red devil (Pan)
  2 white draconian skeletons (Crypt:1)
  2 guardian mummies (Crypt:3)
  A queen bee (shapeshifter) (Vaults:2)
  47 jumping spiders
  A raiju (shapeshifter) (Vaults:2)
  A hydra zombie (Crypt:3)
  2 two-headed ogres (shapeshifter)
  A giant leech (Swamp:1)
  2 polar bears
  72 slime creatures
  6 trolls
  35 two-headed ogres
  A guardian serpent zombie (Crypt:1)
  2 polar bears (shapeshifter)
  14 raiju
  An alligator zombie (Crypt:3)
  23 blink frogs
  13 bog bodies
  5 boulder beetles
  2 ettin zombies (Crypt:3)
  2 stone giant simulacra
  3 ettin skeletons
  15 air elementals
  2 fire dragon skeletons
  101 redbacks
  15 ynoxinuls
  Sigmund (D:6)
  7 shadows
  9 water elementals
  An ice dragon skeleton (Crypt:2)
  3 wyverns
  3 vampires
  10 flying skulls
  35 tarantellas
  16 wraiths
  48 yaks
  4 fire elementals
  A fire bat (Abyss:3)
  A yak (shapeshifter) (Depths:2)
  2 golden eyes (Slime:1)
  A hippogriff (shapeshifter) (Vaults:2)
  6 neqoxecs
  3 hogs (shapeshifter)
  4 basilisks
  25 hippogriffs
  28 humans
  21 vampire mosquitoes
  A steam dragon (shapeshifter) (Vaults:1)
  3 hogs (Lair:8)
  2 hungry ghosts
  10 chaos spawn
  A mottled dragon (shapeshifter) (Vaults:5)
  29 small abominations
  2 mottled dragons
  11 insubstantial wisps
  9 wargs
  23 soldier ants
  26 swamp worms
  A monstrous demonspawn zombie (Crypt:1)
  A spatial vortex (Abyss:1)
  Edmund (D:4)
  A hydra simulacrum (Depths:4)
  An infernal demonspawn skeleton (Crypt:1)
  A merfolk skeleton (Crypt:2)
  6 spectral trolls
  6 water moccasins
  2 giant eyeballs
  A deep troll skeleton (Vaults:3)
  18 swamp drakes
  9 hell hounds
  13 porcupines
  4 spectral spriggans (Depths:4)
  A snapping turtle zombie (Depths:4)
  3 black bears
  2 ettin simulacra
  A monstrous demonspawn skeleton (Crypt:2)
  68 orc warriors
  16 wasps
  48 ogres
  4 eyes of draining
  6 necrophages
  3 phantoms
  9 sky beasts
  A spiny frog skeleton (Crypt:3)
  A tengu (shapeshifter) (Vaults:3)
  9 boggarts
  A centaur (shapeshifter) (Depths:3)
  2 snapping turtle skeletons (Crypt:3)
  25 wolves
  34 centaurs
  23 crocodiles
  An octopode zombie (Crypt:1)
  A human skeleton (Vaults:5)
  Blork the orc (D:4)
  A big kobold (D:13)
  An earth elemental (Elf:1)
  18 giant frogs
  2 gnoll sergeants
  A wyvern zombie (D:6)
  A glowing shapeshifter simulacrum (Vaults:5)
  7 wyvern skeletons
  3 scorpions
  26 killer bees
  2 spectral nagas (Depths:4)
  19 wights
  2 spectral ogres (Depths:4)
  5 electric eels
  5 howler monkeys
  A spectral centaur (Depths:4)
  7 crimson imps
  96 jellies
  3 quasits (Abyss:1)
  3 centaur skeletons
  7 hounds
  44 orc priests
  4 iron imps (Abyss:1)
  Jessica (D:2)
  2 giant frog skeletons
  A porcupine zombie (Crypt:2)
  11 iguanas
  34 orc wizards
  42 worker ants
  A spriggan simulacrum (Depths:4)
  A troll simulacrum (Depths:4)
  15 sheep
  2 hound zombies
  A hound skeleton (D:8)
  A mummy (Crypt:3)
  A howler monkey zombie (D:7)
  20 gnolls
  A howler monkey skeleton (D:5)
  A scorpion zombie (Crypt:2)
  13 adders
  94 river rats
  3 shadow imps
  6 ufetubi
  2 oozes
  A sheep zombie (Crypt:1)
  5 worms
  3 adder skeletons
  A halfling skeleton (Crypt:1)
  A sheep skeleton (Crypt:2)
  4 dart slugs
  4 giant geckos
  184 orcs
  A ball python (D:2)
  13 bats
  11 giant cockroaches
  16 goblins
  13 hobgoblins
  7 jackals
  8 quokkas
  3 giant gecko skeletons
  A giant gecko zombie (D:6)
  8 giant newts
  A gnoll skeleton (Crypt:2)
  A jackal zombie (D:6)
  21 kobolds
  A kobold zombie (Crypt:3)
  An orc zombie (Crypt:3)
  A quokka zombie (D:6)
  10 rats
  3 briar patches (Swamp:4)
  3 fungi
  A lurking horror (Abyss:1)
  4 plants (Lair:5)
  8 starspawn tentacles
  A starspawn tentacle segment (Abyss:1)
  4 withered plants
3633 creatures vanquished.

Vanquished Creatures (collateral kills)
  An orange demon (Pan)
1 creature vanquished.

Vanquished Creatures (others)
  A fire giant (Abyss:1)
  A stone giant (Abyss:1)
  2 deep elf knights
  A hell knight (Depths:2)
  2 deep elf magi
  An air elemental (Elf:1)
  A tarantella (Spider:2)
  2 humans
  A wolf (Depths:4)
  23 jellies
  2 briar patches (Swamp:4)
  2 bushes (D:11)
  24 fungi
  10 lost souls
  2 lurking horrors
  10 plants
  27 starspawn tentacles
  161 starspawn tentacle segments
  3 withered plants
276 creatures vanquished.

Grand Total: 3910 creatures vanquished

Notes
Turn   | Place    | Note
--------------------------------------------------------------
     0 | D:1      | Moloch the Ogre Gladiator began the quest for the Orb.
     0 | D:1      | Reached XP level 1. HP: 22/22 MP: 1/1
     0 | D:1      | Noticed a felid
     0 | D:1      | Noticed a dwarf
     0 | D:1      | Noticed a vampire
     2 | D:1      | Noticed a draconian
     5 | D:1      | Noticed an octopode
     6 | D:1      | Noticed a ghoul
     7 | D:1      | Noticed an ogre
    10 | D:1      | Noticed an octopode
    10 | D:1      | Noticed an octopode
    12 | D:1      | Noticed a ghoul
    14 | D:1      | Noticed a dwarf
    14 | D:1      | Noticed a felid
    16 | D:1      | Noticed a troll
    16 | D:1      | Noticed a spriggan
    18 | D:1      | Noticed a dwarf
    18 | D:1      | Noticed a human
    20 | D:1      | Noticed a naga
   270 | D:1      | Reached XP level 2. HP: 19/29 MP: 2/2
   675 | D:1      | Reached skill level 5 in Maces & Flails
   679 | D:1      | Reached XP level 3. HP: 27/36 MP: 3/3
  1207 | D:2      | Noticed Jessica
  1224 | D:2      | Killed Jessica
  1224 | D:2      | Reached XP level 4. HP: 27/44 MP: 4/4
  2524 | D:3      | Reached XP level 5. HP: 50/50 MP: 5/5
  2750 | D:3      | Found a sparkling altar of Nemelex Xobeh.
  3165 | D:3      | Found an opulent altar of Gozag.
  3558 | D:3      | Reached XP level 6. HP: 56/59 MP: 6/6
  3767 | D:4      | Noticed a hungry ghost
  4255 | D:4      | Gained mutation: Your body sometimes deteriorates upon taking damage. [potion of mutation]
  4255 | D:4      | Gained mutation: You are weak. (Str -2) [potion of mutation]
  4255 | D:4      | Gained mutation: You regenerate slowly when monsters are visible. [potion of mutation]
  4256 | D:4      | Gained mutation: You have large cloven feet. [potion of mutation]
  4256 | D:4      | Gained mutation: Your mind is acute. (Int +2) [potion of mutation]
  4256 | D:4      | Gained mutation: Your system is resistant to poisons. [potion of mutation]
  4283 | D:4      | Killed a hungry ghost
  4317 | D:4      | Reached XP level 7. HP: 61/66 MP: 7/7
  4334 | D:4      | Noticed Blork the orc
  4344 | D:4      | Killed Blork the orc
  4428 | D:4      | Reached skill level 5 in Throwing
  4449 | D:4      | Found a staircase to the Ecumenical Temple.
  4488 | D:4      | Found a snail-covered altar of Cheibriados.
  4719 | Temple   | Entered the Ecumenical Temple
  5249 | D:4      | Gained mutation: Your spells are a little easier to cast, but a little less powerful. [potion of mutation]
  5249 | D:4      | Gained mutation: You possess an exceptional clarity of mind. [potion of mutation]
  5249 | D:4      | Gained mutation: Your movements are slightly less encumbered by armour (ER -2). [potion of mutation]
  5839 | D:4      | Found Gulir's Distillery.
  5847 | D:4      | Bought a potion of lignification for 42 gold pieces
  5847 | D:4      | Bought 2 potions of lignification for 84 gold pieces
  5847 | D:4      | Bought a potion of might for 56 gold pieces
  5847 | D:4      | Bought a potion of curing for 42 gold pieces
  5926 | D:4      | Noticed Edmund
  5943 | D:4      | Killed Edmund
  5943 | D:4      | Reached XP level 8. HP: 54/74 MP: 8/8
  6181 | D:5      | Entered Level 5 of the Dungeon
  6181 | D:5      | Found Juro's Book Shop.
  6255 | D:5      | Reached skill level 10 in Maces & Flails
  6295 | D:5      | Found a white marble altar of Elyvilon.
  6702 | D:5      | Found an iron altar of Okawaru.
  6760 | D:5      | Became a worshipper of Warmaster Okawaru
  6917 | D:5      | Found an oddly glowing altar of Pakellas.
  6917 | D:5      | Noticed a green ugly thing
  7719 | D:6      | Reached XP level 9. HP: 71/81 MP: 9/9
  7734 | D:6      | Reached * piety under Okawaru
  7923 | D:6      | Noticed Sigmund
  8273 | D:6      | Killed Sigmund
  8565 | D:6      | Reached ** piety under Okawaru
  8569 | D:6      | Gained mutation: You are resistant to hostile enchantments. [mutagenic meat]
  8848 | D:7      | Reached skill level 10 in Throwing
  9476 | D:8      | Noticed Joseph
  9499 | D:8      | Killed Joseph
  9499 | D:8      | Reached XP level 10. HP: 61/91 MP: 10/10
  9875 | D:8      | Reached *** piety under Okawaru
 10275 | D:8      | Received a gift from Okawaru
 10311 | D:8      | Found a runed door.
 10326 | D:8      | Noticed Erica
 10335 | D:8      | Killed Erica
 10455 | D:8      | Found a runed door.
 11118 | D:8      | Reached **** piety under Okawaru
 12288 | D:9      | Reached skill level 5 in Fighting
 12293 | D:9      | Noticed Maurice
 12801 | D:9      | Reached XP level 11. HP: 104/104 MP: 11/11
 12802 | D:9      | Found a shimmering altar of Xom.
 12802 | D:9      | Found a shattered altar of Ashenzari.
 12845 | D:9      | Received a gift from Okawaru
 12946 | D:9      | Found a staircase to the Orcish Mines.
 13398 | D:9      | Received a gift from Okawaru
 13411 | D:9      | Killed Maurice
 13568 | D:9      | Reached ***** piety under Okawaru
 13646 | D:9      | Found a deep blue altar of Sif Muna.
 13949 | D:9      | Found a burning altar of Makhleb.
 14045 | D:10     | Entered Level 10 of the Dungeon
 14757 | D:10     | Noticed a cyclops
 14761 | D:10     | Killed a cyclops
 15775 | D:11     | Received a gift from Okawaru
 15944 | D:11     | Noticed a cyan ugly thing
 15947 | D:11     | Killed a cyan ugly thing
 15947 | D:11     | Reached XP level 12. HP: 105/118 MP: 12/12
 15980 | D:11     | Found Osee's Book Emporium.
 16064 | D:11     | Found a staircase to the Lair.
 16070 | D:11     | Lost mutation: Your body sometimes deteriorates upon taking damage. [mutagenic meat]
 16072 | D:11     | Lost mutation: You regenerate slowly when monsters are visible. [mutagenic meat]
 16073 | D:11     | Lost mutation: Your spells are a little easier to cast, but a little less powerful. [mutagenic meat]
 16115 | Lair:1   | Entered Level 1 of the Lair of Beasts
 16115 | Lair:1   | Noticed Urug
 16128 | Lair:1   | Killed Urug
 16128 | Lair:1   | Received a gift from Okawaru
 16128 | Lair:1   | Reached ****** piety under Okawaru
 17223 | Lair:2   | Reached skill level 15 in Throwing
 17252 | Lair:2   | Noticed a five-headed hydra
 17256 | Lair:2   | Killed a five-headed hydra
 17418 | Lair:2   | Received a gift from Okawaru
 17421 | Lair:2   | Got a fine halberd {god gift}
 17422 | Lair:2   | Identified the +1 halberd "Esysteok" {pain, Int+3} (Okawaru gifted it to you on level 2 of the Lair of Beasts)
 17457 | Lair:2   | Reached skill level 15 in Maces & Flails
 17874 | Lair:3   | Noticed a queen ant
 17907 | Lair:3   | Noticed Sonja
 17923 | Lair:3   | Killed a queen ant
 17936 | Lair:3   | Killed Sonja
 18055 | Lair:3   | Received a gift from Okawaru
 18056 | Lair:3   | Got a steaming robe {god gift}
 18105 | Lair:3   | Reached XP level 13. HP: 61/127 MP: 13/13
 18126 | Lair:3   | Identified the +2 robe of Poikiel {MR+ Int+3 Slay+2} (Okawaru gifted it to you on level 3 of the Lair of Beasts)
 19819 | Lair:4   | Found a staircase to the Swamp.
 20064 | Lair:4   | Found a hole to the Spider Nest.
 20323 | Lair:4   | Gained mutation: You are robust (+10% HP). [potion of mutation]
 20442 | Lair:4   | Gained mutation: Scrolls take you a little longer to read. [potion of mutation]
 20677 | Lair:5   | Found a dark tunnel.
 20686 | Volcano  | Entered a volcano
 21386 | Lair:5   | Reached skill level 1 in Armour
 22196 | Lair:6   | Received a gift from Okawaru
 22199 | Lair:6   | Got a twisted giant spiked club {god gift}
 22204 | Lair:6   | Identified the +4 giant spiked club of Okawaru's Hatred {crush, rF++ Int-3 Dex+4} (Okawaru gifted it to you on level 6 of the Lair of Beasts)
 23160 | Lair:6   | Reached XP level 14. HP: 149/155 MP: 14/14
 23281 | Lair:6   | Received a gift from Okawaru
 23497 | Lair:6   | Reached skill level 10 in Fighting
 24059 | Lair:7   | Received a gift from Okawaru
 24280 | Lair:7   | Got a fine giant spiked club {god gift}
 24281 | Lair:7   | Identified the +3 giant spiked club of the Final Decision {holy, +Blink Str-5 Int+2 Stlth+} (Okawaru gifted it to you on level 7 of the Lair of Beasts)
 24879 | Lair:7   | Received a gift from Okawaru
 24908 | Lair:7   | Identified 2 scrolls of acquirement
 24923 | Lair:7   | Got a bloodstained giant spiked club {god gift}
 24924 | Lair:7   | Identified the +3 giant spiked club "Suoxt" {freeze, +Blink rC+} (Okawaru gifted it to you on level 7 of the Lair of Beasts)
 24934 | Lair:7   | Got a shimmering hat
 24945 | Lair:7   | Identified the +2 hat "Titraiv" {Int+2 Slay+3} (You acquired it on level 7 of the Lair of Beasts)
 24998 | Lair:7   | Found a staircase to the Slime Pits.
 25428 | Lair:8   | Entered Level 8 of the Lair of Beasts
 25497 | Lair:8   | Noticed Maud
 25528 | Lair:8   | Killed Maud
 25718 | Lair:8   | Noticed Kirke
 25735 | Lair:8   | Killed Kirke
 26238 | Lair:8   | Got a scorched cloak
 26249 | Lair:8   | Identified the +2 cloak of the Nexus {rPois rF+ rC+} (You acquired it on level 8 of the Lair of Beasts)
 26402 | Lair:8   | Received a gift from Okawaru
 26700 | Lair:8   | Reached XP level 15. HP: 168/168 MP: 15/15
 27399 | Orc:1    | Entered Level 1 of the Orcish Mines
 27461 | Orc:1    | Noticed Erolcha
 27464 | Orc:1    | Killed Erolcha
 27984 | Orc:2    | Entered Level 2 of the Orcish Mines
 28395 | Orc:2    | Received a gift from Okawaru
 28838 | Orc:2    | Found a roughly hewn altar of Beogh.
 28846 | Orc:2    | Found Bouhy's Assorted Antiques.
 29020 | Orc:2    | Bought a scroll labeled KUMAFA MIOZUB for 30 gold pieces
 29777 | Orc:2    | Found Kotzemi's Gadget Shoppe.
 30383 | Orc:2    | Received a gift from Okawaru
 30404 | Orc:2    | Noticed an orc warlord
 30423 | Orc:2    | Killed an orc warlord
 30648 | Orc:2    | Found a roughly hewn altar of Beogh.
 30931 | Orc:2    | Found Gubolist's Food Shoppe.
 30997 | Orc:2    | Found Gaixzayt's Antique Weapon Boutique.
 31178 | Orc:2    | Found a staircase to the Elven Halls.
 31288 | Orc:2    | Got a fine iron ring
 31290 | Orc:2    | Identified the ring "Tolysas" {+Inv rC+} (You found it on level 2 of the Orcish Mines)
 31698 | D:11     | Found Maitec's Food Shop.
 31701 | D:11     | Found Acwuocs's Magic Scroll Shoppe.
 31713 | D:11     | Bought a scroll of acquirement for 832 gold pieces
 31715 | D:11     | Got a pitted shadow dragon armour
 31727 | D:11     | Identified the +8 shadow dragon armour of Ydghif {+Blink Stlth++++} (You acquired it on level 11 of the Dungeon)
 31729 | D:11     | Bought 3 scrolls of teleportation for 144 gold pieces
 31787 | D:11     | Found Hiem's Magic Scroll Boutique.
 32396 | D:12     | Received a gift from Okawaru
 32657 | D:12     | You fall through a shaft for 3 floors!
 32657 | D:15     | Entered Level 15 of the Dungeon
 33152 | D:14     | Reached XP level 16. HP: 168/183 MP: 16/16
 33156 | D:14     | Reached skill level 5 in Armour
 33180 | D:14     | Lost mutation: Scrolls take you a little longer to read. [mutagenic meat]
 33185 | D:14     | Gained mutation: You have a pair of small horns on your head. [mutagenic meat]
 33187 | D:14     | Gained mutation: Your spells are a little easier to cast, but a little less powerful. [mutagenic meat]
 33189 | D:14     | Lost mutation: Your spells are a little easier to cast, but a little less powerful. [mutagenic meat]
 34144 | D:13     | Identified a +1 rod of ignition (12/12) (You found it on level 13 of the Dungeon)
 34166 | D:13     | Received a gift from Okawaru
 34855 | D:13     | Gained mutation: You are very robust (+20% HP). [potion of mutation]
 34855 | D:13     | Lost mutation: Your movements are slightly less encumbered by armour (ER -2). [potion of mutation]
 35113 | D:13     | Found a gate to the Vaults.
 35246 | D:15     | Noticed Louise
 35267 | D:15     | Killed Louise
 35496 | D:15     | Received a gift from Okawaru
 35855 | D:15     | Upgraded the game from 0.18-a0-1789-gbeff17f to 0.18-a0-1797-gc18daef
 35934 | D:15     | Received a gift from Okawaru
 36100 | D:15     | Found a staircase to the Depths.
 36903 | Elf:1    | Entered Level 1 of the Elven Halls
 36907 | Elf:1    | Received a gift from Okawaru
 36923 | Elf:1    | Got an ancient giant club {god gift}
 36924 | Elf:1    | Identified the +6 giant club "Abron" {venom, *Confuse +Rage rPois Dex+3} (Okawaru gifted it to you on level 1 of the Elven Halls)
 36971 | Elf:1    | Noticed Frances
 37025 | Elf:1    | Killed Frances
 37064 | Elf:1    | Reached XP level 17. HP: 197/214 MP: 17/17
 37138 | Elf:1    | Identified the Collected Works on Creation
 37445 | Elf:1    | Noticed Asterion
 37461 | Elf:1    | Killed Asterion
 37596 | Elf:1    | Found Jiesmeeka's General Store.
 37607 | Elf:1    | Bought a potion of agility for 68 gold pieces
 38129 | Elf:2    | Received a gift from Okawaru
 38369 | Elf:2    | Lost mutation: You are weak. (Str -2) [mutagenic meat]
 38371 | Elf:2    | Gained mutation: You are occasionally teleported next to monsters. [mutagenic meat]
 38372 | Elf:2    | Lost mutation: Your system is resistant to poisons. [potion of cure mutation]
 38372 | Elf:2    | Lost mutation: You are resistant to hostile enchantments. [potion of cure mutation]
 38372 | Elf:2    | Lost mutation: You possess an exceptional clarity of mind. [potion of cure mutation]
 38372 | Elf:2    | Lost mutation: You have a pair of small horns on your head. [potion of cure mutation]
 38646 | Elf:2    | Found a radiant altar of Vehumet.
 38743 | Elf:2    | Found Viovaeta's Armour Shop.
 38893 | Elf:2    | Found a runed gate.
 38893 | Elf:2    | Found a runed gate.
 38894 | Elf:2    | Found a runed gate.
 39599 | Elf:2    | Reached XP level 18. HP: 133/226 MP: 0/18
 39756 | Elf:2    | Noticed Norris
 39788 | Elf:2    | Killed Norris
 39788 | Elf:2    | Received a gift from Okawaru
 40342 | Swamp:1  | Entered Level 1 of the Swamp
 40342 | Swamp:1  | Noticed Donald
 40363 | Lair:4   | Killed Donald
 40465 | Swamp:1  | Found a shimmering altar of Xom.
 41778 | Swamp:2  | Got a crystal great mace
 41779 | Swamp:2  | Identified the cursed +1 great mace of Abomination {freeze, rC+} (You found it on level 2 of the Swamp)
 42154 | Swamp:3  | Gained mutation: You are resistant to hostile enchantments. [potion of mutation]
 42154 | Swamp:3  | Gained mutation: Scrolls take you a little longer to read. [potion of mutation]
 42657 | Swamp:4  | Entered Level 4 of the Swamp
 42674 | Swamp:4  | Reached skill level 15 in Fighting
 42828 | Swamp:4  | Received a gift from Okawaru
 43684 | Swamp:4  | Received a gift from Okawaru
 43875 | Swamp:4  | Got a decaying rune of Zot
 44096 | Spider:1 | Entered Level 1 of the Spider Nest
 44174 | Spider:1 | Reached XP level 19. HP: 241/241 MP: 19/19
 44235 | Spider:1 | Gained mutation: You are surrounded by a mild repulsion field (EV +2). [potion of mutation]
 44235 | Spider:1 | Lost mutation: Your mind is acute. (Int +2) [potion of mutation]
 45091 | Spider:1 | Noticed Josephine
 45111 | Spider:1 | Killed Josephine
 46767 | Spider:3 | Received a gift from Okawaru
 46767 | Spider:3 | Reached skill level 10 in Armour
 47261 | Spider:3 | Received a gift from Okawaru
 47478 | Spider:3 | Noticed Mara
 47511 | Spider:3 | Killed Mara
 47511 | Spider:3 | Received a gift from Okawaru
 47635 | Spider:3 | Received a gift from Okawaru
 47943 | Spider:4 | Entered Level 4 of the Spider Nest
 48148 | Spider:4 | Received a gift from Okawaru
 48514 | Spider:4 | Noticed Arachne
 48896 | Spider:3 | Killed Arachne
 49099 | Spider:3 | Reached XP level 20. HP: 241/258 MP: 20/20
 49111 | Spider:3 | Gained mutation: Your movements are slightly less encumbered by armour (ER -2). [mutagenic meat]
 49112 | Spider:3 | Gained mutation: Your muscles are strong. (Str +2) [mutagenic meat]
 49113 | Spider:3 | Gained mutation: Scrolls take you longer to read. [mutagenic meat]
 49228 | Spider:4 | Gained mutation: You are resistant to electric shocks. [mutagenic meat]
 49229 | Spider:4 | Gained mutation: Your spells are a little harder to cast, but a little more powerful. [mutagenic meat]
 49232 | Spider:4 | Lost mutation: Scrolls take you longer to read. [mutagenic meat]
 49233 | Spider:4 | Gained mutation: You expend magic power (3 MP) to strengthen your wands. [mutagenic meat]
 49423 | Spider:4 | Lost mutation: You have large cloven feet. [mutagenic meat]
 49425 | Spider:4 | Gained mutation: Your flesh is cold resistant. [mutagenic meat]
 49426 | Spider:4 | Lost mutation: Your spells are a little harder to cast, but a little more powerful. [mutagenic meat]
 49453 | Spider:4 | Got a gossamer rune of Zot
 49489 | Spider:4 | Lost mutation: Your muscles are strong. (Str +2) [mutagenic meat]
 49490 | Spider:4 | Lost mutation: You are resistant to electric shocks. [mutagenic meat]
 49491 | Spider:4 | Gained mutation: You are weak. (Str -2) [mutagenic meat]
 49492 | Spider:4 | Gained mutation: Your body sometimes deteriorates upon taking damage. [mutagenic meat]
 49493 | Spider:4 | Lost mutation: You are resistant to hostile enchantments. [mutagenic meat]
 49494 | Spider:4 | Lost mutation: Scrolls take you a little longer to read. [mutagenic meat]
 49536 | Spider:4 | Lost mutation: You expend magic power (3 MP) to strengthen your wands. [mutagenic meat]
 49538 | Spider:4 | Gained mutation: You are partially covered in rugged brown scales (AC +1, +3% HP). [mutagenic meat]
 49539 | Spider:4 | Gained mutation: You occasionally shout uncontrollably at your foes. [mutagenic meat]
 49541 | Spider:4 | Lost mutation: You are surrounded by a mild repulsion field (EV +2). [mutagenic meat]
 50111 | Vaults:1 | Entered Level 1 of the Vaults
 50111 | Vaults:1 | Found Yfehicw's General Store.
 50222 | Vaults:1 | Received a gift from Okawaru
 50246 | Vaults:1 | Got an ancient robe {god gift}
 50362 | Vaults:1 | Identified the +1 robe "Yvor" {+Fly rPois rF-} (Okawaru gifted it to you on level 1 of the Vaults)
 50376 | Vaults:1 | Gained mutation: You tend to lose your temper in combat. [mutagenic meat]
 50403 | Vaults:1 | Found Nupnet Eqec's Book Shop.
 50443 | Vaults:1 | Lost mutation: You tend to lose your temper in combat. [mutagenic meat]
 50450 | Vaults:1 | Found Wischaj's General Store.
 50866 | Vaults:1 | Gained mutation: You have sharp toenails. [mutagenic meat]
 50867 | Vaults:1 | Lost mutation: Your movements are slightly less encumbered by armour (ER -2). [mutagenic meat]
 50869 | Vaults:1 | Lost mutation: You are very robust (+20% HP). [mutagenic meat]
 50871 | Vaults:1 | Gained mutation: You are somewhat resistant to further mutation. [mutagenic meat]
 50873 | Vaults:1 | Lost mutation: You are robust (+10% HP). [mutagenic meat]
 50887 | Vaults:1 | Found Xout Viwn's Antique Armour Shoppe.
 51345 | Vaults:1 | Found Zorch's Assorted Antiques.
 51353 | Vaults:1 | Reached skill level 1 in Evocations
 51360 | Vaults:1 | Bought a scroll labeled MESURI ABBIANT for 39 gold pieces
 51360 | Vaults:1 | Bought a potion of agility for 156 gold pieces
 51649 | Vaults:1 | Reached skill level 1 in Invocations
 51669 | Vaults:1 | Gained mutation: You are robust (+10% HP). [mutagenic meat]
 51903 | Vaults:2 | Lost mutation: You are occasionally teleported next to monsters. [mutagenic meat]
 52147 | Vaults:2 | Received a gift from Okawaru
 52193 | Vaults:2 | Reached XP level 21. HP: 211/259 MP: 22/22
 52236 | Vaults:2 | Paralysed by a vampire knight for 3 turns
 52243 | Vaults:2 | Received a gift from Okawaru
 52244 | Vaults:2 | Found a staircase to the Crypt.
 52722 | Vaults:2 | Gained mutation: You are dopey. (Int -2) [mutagenic meat]
 52943 | Vaults:2 | Gained mutation: You expend magic power (3 MP) to strengthen your wands. [mutagenic meat]
 52944 | Vaults:2 | Gained mutation: You are very dopey. (Int -4) [mutagenic meat]
 52946 | Vaults:2 | Lost mutation: You are very dopey. (Int -4) [mutagenic meat]
 53313 | Vaults:3 | Got a serpentine ivory ring
 53346 | Vaults:3 | Received a gift from Okawaru
 53388 | Vaults:3 | Got a brightly glowing dire flail {god gift}
 53389 | Vaults:3 | Identified the +8 dire flail "Xoaklily" {venom, *Drain rN+ MR+} (Okawaru gifted it to you on level 3 of the Vaults)
 53679 | Vaults:3 | Identified the ring "Pin Guph" {rCorr Dex+2} (You found it on level 3 of the Vaults)
 53688 | Vaults:3 | Lost mutation: You are weak. (Str -2) [mutagenic meat]
 53689 | Vaults:3 | Lost mutation: You are robust (+10% HP). [mutagenic meat]
 53878 | Vaults:3 | Lost mutation: You occasionally shout uncontrollably at your foes. [mutagenic meat]
 54405 | Vaults:3 | Received a gift from Okawaru
 54408 | Vaults:3 | Got an encrusted dire flail {god gift}
 54409 | Vaults:3 | Identified the +1 dire flail "Bosasaal" {elec, -Tele rElec rC+ Int+4} (Okawaru gifted it to you on level 3 of the Vaults)
 55241 | Vaults:4 | Reached skill level 5 in Dodging
 55252 | Vaults:4 | Reached skill level 5 in Invocations
 55260 | Vaults:4 | Gained mutation: Your spells are a little harder to cast, but a little more powerful. [mutagenic meat]
 55261 | Vaults:4 | Gained mutation: You are mostly covered in rugged brown scales (AC +2, +5% HP). [mutagenic meat]
 55264 | Vaults:4 | Gained mutation: Your magical capacity is low (-10% MP). [mutagenic meat]
 55265 | Vaults:4 | Lost mutation: Your magical capacity is low (-10% MP). [mutagenic meat]
 55552 | Vaults:4 | Received a gift from Okawaru
 55743 | Vaults:4 | Reached XP level 22. HP: 209/252 MP: 26/26
 56608 | Vaults:4 | Found a portal to a secret trove of treasure.
 56931 | Vaults:4 | Gained mutation: Your magical capacity is low (-10% MP). [mutagenic meat]
 57532 | Elf:3    | Entered Level 3 of the Elven Halls
 57654 | Elf:3    | Found a flickering gateway to a bazaar.
 57665 | Bazaar   | Entered a bazaar
 57669 | Bazaar   | Found Nock's Antique Armour Boutique.
 57688 | Bazaar   | Found Xeops's Armour Emporium.
 57706 | Bazaar   | Found Oluowk's Book Boutique.
 57724 | Bazaar   | Found Duopucerr's Antique Armour Shoppe.
 57746 | Bazaar   | Bought a scorched fire dragon armour for 2015 gold pieces
 57756 | Bazaar   | Identified the +5 fire dragon armour of Zurelew {rPois rF++ rC- rN+} (You bought it in a shop in a bazaar)
 57783 | Elf:3    | Reached skill level 27 in Maces & Flails
 58229 | Elf:3    | Reached skill level 5 in Evocations
 58491 | Elf:3    | Received a gift from Okawaru
 58494 | Elf:3    | Got a crude giant club {god gift}
 58495 | Elf:3    | Identified the +5 giant club of Tenacity {crush, Str+10 Dex-2} (Okawaru gifted it to you on level 3 of the Elven Halls)
 59771 | Elf:3    | Received a gift from Okawaru
 59829 | Elf:3    | Reached XP level 23. HP: 257/264 MP: 25/25
 60401 | Elf:3    | Got an uncursed slimy demon whip {venom}
 60406 | Elf:3    | Identified the +8 demon whip "Vopsugiu" {venom, rC++ rN+ MP+9 Int-5} (You took it off a deep elf archer on level 3 of the Elven Halls)
 60798 | Elf:3    | Learned a level 3 spell: Regeneration
 60804 | Elf:3    | Identified the Collected Works on Enchantment and Lightness (You found it on level 3 of the Elven Halls)
 60862 | Elf:3    | Identified the Guide on Bewitching Summoning
 60867 | Elf:3    | Identified the Compendium of Heat and Flight
 60941 | Elf:3    | Cast into level 3 of the Abyss (a deep elf sorcerer)
 60969 | Abyss:3  | Found a corrupted altar of Lugonu.
 61520 | Elf:3    | Escaped the Abyss
 61535 | Elf:3    | Identified the Grimoire of the Dusty Escort
 62010 | Vaults:4 | You paid a toll of a +5 fire dragon armour to enter a treasure trove
 62011 | Trove    | Entered a treasure trove
 62013 | Trove    | Found an oddly glowing altar of Pakellas.
 62066 | Vaults:4 | Identified a +1 rod of ignition (11/11) (You found it in a treasure trove)
 62280 | Depths:1 | Entered Level 1 of the Depths
 62846 | Depths:1 | Received a gift from Okawaru
 63224 | Depths:1 | Found a sparkling altar of Nemelex Xobeh.
 63455 | Depths:1 | Found a gateway to Hell.
 63783 | Depths:1 | Gained mutation: You possess an exceptional clarity of mind. [mutagenic meat]
 63788 | Depths:1 | Gained mutation: You tend to lose your temper in combat. [mutagenic meat]
 63964 | Depths:1 | Reached XP level 24. HP: 243/280 MP: 26/26
 64006 | Depths:1 | Found a one-way gate to the infinite horrors of the Abyss.
 64040 | Depths:1 | Received a gift from Okawaru
 64313 | Depths:1 | Received a gift from Okawaru
 64621 | Depths:2 | Gained mutation: Your body often deteriorates upon taking damage. [a shining eye]
 64778 | Depths:2 | Found Sonnisur's Assorted Antiques.
 64781 | Depths:2 | Bought a potion of haste for 280 gold pieces
 64781 | Depths:2 | Bought a scroll of enchant armour for 210 gold pieces
 65449 | Depths:3 | Noticed Jorgrun
 65475 | Depths:2 | Killed Jorgrun
 66090 | Depths:3 | Found a one-way gate leading to the halls of Pandemonium.
 66293 | Depths:3 | Reached skill level 15 in Armour
 66431 | Depths:3 | Paralysed by a giant eyeball for 3 turns
 66449 | Depths:3 | Paralysed by a giant eyeball for 4 turns
 66514 | Depths:3 | Received a gift from Okawaru
 66692 | Depths:3 | Found a gateway to a ziggurat.
 67492 | Depths:4 | Learned a level 5 spell: Silence
 67499 | Depths:4 | Learned a level 6 spell: Deflect Missiles
 67507 | Depths:4 | Reached XP level 25. HP: 297/297 MP: 25/27
 67602 | Depths:5 | Entered Level 5 of the Depths
 68058 | Depths:4 | Received a gift from Okawaru
 68561 | Depths:5 | Received a gift from Okawaru
 68563 | Depths:5 | Reached skill level 10 in Invocations
 68624 | Depths:5 | Gained mutation: You are frail (-10% HP). [mutagenic meat]
 68628 | Depths:5 | Lost mutation: You are dopey. (Int -2) [mutagenic meat]
 68631 | Depths:5 | Lost mutation: You possess an exceptional clarity of mind. [mutagenic meat]
 68634 | Depths:5 | Lost mutation: You expend magic power (3 MP) to strengthen your wands. [mutagenic meat]
 68831 | Depths:5 | Received a gift from Okawaru
 68859 | Depths:5 | Received a gift from Okawaru
 69136 | Depths:5 | Received a gift from Okawaru
 69372 | Depths:5 | Found a gate to the Realm of Zot.
 69384 | Depths:4 | Noticed an ancient lich
 69387 | Depths:4 | Killed an ancient lich
 69463 | Depths:4 | Received a gift from Okawaru
 70241 | Depths:4 | Received a gift from Okawaru
 70490 | Depths:4 | Identified a +4 rod of clouds (9/9) (You found it on level 4 of the Depths)
 70663 | Depths:4 | Paralysed by a giant eyeball for 2 turns
 70763 | Depths:4 | Identified the Almanac of Glacial Companions (You found it on level 4 of the Depths)
 71510 | Slime:1  | Entered Level 1 of the Pits of Slime
 71551 | Slime:1  | Reached XP level 26. HP: 285/285 MP: 28/28
 71647 | Slime:1  | Found a viscous altar of Jiyva.
 71657 | Slime:1  | Fell from the grace of Okawaru
 71657 | Slime:1  | Became a worshipper of Jiyva Jicwa the Shapeless
 71849 | Slime:1  | Reached * piety under Jiyva
 71997 | Lair:8   | Reached ** piety under Jiyva
 72994 | Lair:2   | Reached *** piety under Jiyva
 73055 | D:11     | Gained mutation: You have sharp fingernails. [Jiyva's grace]
 73139 | D:11     | Gained mutation: You have acidic saliva. [Jiyva's grace]
 73140 | D:11     | Reached **** piety under Jiyva
 73310 | D:10     | Reached ***** piety under Jiyva
 73310 | D:10     | Lost mutation: You have sharp toenails. [Jiyva's grace]
 73313 | D:10     | Lost mutation: You are frail (-10% HP). [Jiyva's power]
 73505 | D:8      | Lost mutation: You have acidic saliva. [Jiyva's grace]
 73619 | Orc:1    | Gained mutation: You possess an exceptional clarity of mind. [Jiyva's grace]
 73669 | Orc:2    | Lost mutation: You possess an exceptional clarity of mind. [Jiyva's grace]
 73675 | Orc:2    | Lost mutation: Your magical capacity is low (-10% MP). [Jiyva's power]
 73676 | Orc:2    | Lost mutation: You tend to lose your temper in combat. [Jiyva's power]
 73692 | Orc:2    | Gained mutation: Your spells are harder to cast, but more powerful. [Jiyva's grace]
 73698 | Orc:2    | Lost mutation: Your body often deteriorates upon taking damage. [Jiyva's power]
 73705 | Orc:2    | Gained mutation: You are somewhat resistant to both further mutation and mutation removal. [Jiyva's grace]
 73726 | Orc:2    | Lost mutation: Your body sometimes deteriorates upon taking damage. [Jiyva's power]
 73729 | Orc:2    | Lost mutation: Your spells are harder to cast, but more powerful. [Jiyva's grace]
 73769 | Orc:2    | Gained mutation: Your system is resistant to poisons. [Jiyva's grace]
 73805 | Orc:2    | Gained mutation: You have a pair of small horns on your head. [Jiyva's grace]
 73840 | Orc:2    | Gained mutation: Armour fits poorly on your pseudopods. [Jiyva's grace]
 73906 | Elf:1    | Reached ****** piety under Jiyva
 73939 | Elf:1    | Gained mutation: You are partially covered in icy blue scales (AC +1). [Jiyva's grace]
 74007 | Elf:1    | Lost mutation: You have a pair of small horns on your head. [Jiyva's grace]
 74066 | Elf:2    | Lost mutation: Armour fits poorly on your pseudopods. [Jiyva's grace]
 74103 | Elf:2    | Gained mutation: Your skin is partially translucent (Stealth, -foe acc). [Jiyva's grace]
 74200 | Elf:2    | Gained mutation: You are resistant to hostile enchantments. [Jiyva's grace]
 74247 | Elf:2    | Lost mutation: You are somewhat resistant to both further mutation and mutation removal. [Jiyva's grace]
 74270 | Elf:2    | Lost mutation: Your skin is partially translucent (Stealth, -foe acc). [Jiyva's grace]
 74281 | Elf:2    | Gained mutation: Your flesh is heat resistant. [Jiyva's grace]
 74339 | Elf:2    | Lost mutation: You are mostly covered in rugged brown scales (AC +2, +5% HP). [Jiyva's grace]
 74414 | Elf:3    | Gained mutation: You are resistant to electric shocks. [Jiyva's grace]
 74435 | Elf:3    | Lost mutation: Your system is resistant to poisons. [Jiyva's grace]
 74446 | Elf:3    | Gained mutation: You are agile. (Dex +2) [Jiyva's grace]
 74452 | Elf:3    | Lost mutation: You are partially covered in icy blue scales (AC +1). [Jiyva's grace]
 74464 | Elf:3    | Gained mutation: You have a pair of small horns on your head. [Jiyva's grace]
 74469 | Elf:3    | Gained mutation: Your magical capacity is low (-10% MP). [Jiyva's grace]
 74493 | Elf:3    | Lost mutation: You are agile. (Dex +2) [Jiyva's grace]
 74513 | Elf:3    | Gained mutation: Your movements are slightly less encumbered by armour (ER -2). [Jiyva's grace]
 74680 | Elf:1    | Gained mutation: Your skin is partially translucent (Stealth, -foe acc). [Jiyva's grace]
 74796 | Orc:1    | Gained mutation: You have a small jelly attached to you that may absorb incoming projectiles. [Jiyva's grace]
 74986 | Depths:1 | Lost mutation: Your magical capacity is low (-10% MP). [Jiyva's power]
 74989 | Depths:1 | Gained mutation: You passively map a small area around you. [Jiyva's grace]
 74997 | Depths:1 | Lost mutation: You have a pair of small horns on your head. [Jiyva's grace]
 75018 | Depths:1 | Gained mutation: You have large cloven feet. [Jiyva's grace]
 75065 | Depths:1 | Lost mutation: You are somewhat resistant to further mutation. [Jiyva's grace]
 75137 | Depths:2 | Gained mutation: Your rubbery body absorbs attacks (AC +1). [Jiyva's grace]
 75176 | Depths:2 | Lost mutation: Your spells are a little harder to cast, but a little more powerful. [Jiyva's grace]
 75273 | Depths:3 | Lost mutation: Your movements are slightly less encumbered by armour (ER -2). [Jiyva's grace]
 75354 | Depths:5 | Lost mutation: Your skin is partially translucent (Stealth, -foe acc). [Jiyva's grace]
 75358 | Depths:5 | Gained mutation: You are agile. (Dex +2) [Jiyva's grace]
 75364 | Depths:5 | Gained mutation: You have a small jelly attached to you that senses nearby items. [Jiyva's grace]
 75407 | Depths:4 | Gained mutation: You possess an exceptional clarity of mind. [Jiyva's grace]
 75428 | Depths:4 | Lost mutation: Your flesh is heat resistant. [Jiyva's grace]
 75467 | Depths:4 | Lost mutation: Your flesh is cold resistant. [Jiyva's grace]
 75528 | Depths:1 | Lost mutation: You possess an exceptional clarity of mind. [Jiyva's grace]
 75800 | Temple   | Fell from the grace of Jiyva
 75800 | Temple   | Became a worshipper of Zin the Law-Giver
 75800 | Temple   | Reached * piety under Zin
 75800 | Temple   | Reached ** piety under Zin
 75801 | Temple   | Donated 1631 gold pieces to Zin
 75802 | Temple   | Donated 816 gold pieces to Zin
 75803 | Temple   | Donated 408 gold pieces to Zin
 75804 | Temple   | Donated 204 gold pieces to Zin
 75805 | Temple   | Donated 102 gold pieces to Zin
 75806 | Temple   | Donated 51 gold pieces to Zin
 75807 | Temple   | Donated 25 gold pieces to Zin
 75808 | Temple   | Donated 13 gold pieces to Zin
 75809 | Temple   | Donated 6 gold pieces to Zin
 75810 | Temple   | Donated 3 gold pieces to Zin
 75811 | Temple   | Donated 2 gold pieces to Zin
 75812 | Temple   | Cast into level 5 of the Abyss (a distortion unwield)
 75812 | Abyss:5  | Entered Level 5 of the Abyss
 75823 | Abyss:5  | Reached *** piety under Zin
 75896 | Abyss:5  | Reached **** piety under Zin
 76014 | Abyss:5  | Reached ***** piety under Zin
 76076 | Temple   | Escaped the Abyss
 76284 | D:4      | Reached ****** piety under Zin
 76475 | D:4      | Cast into level 5 of the Abyss (a distortion unwield)
 76475 | Abyss:5  | Entered Level 5 of the Abyss
 76542 | Abyss:5  | Got an abyssal rune of Zot
 76756 | Abyss:5  | Found a corrupted altar of Lugonu.
 76759 | D:4      | Escaped the Abyss
 77674 | Depths:1 | Voluntarily entered the Abyss.
 77727 | Abyss:1  | Paralysed by accursed screaming for 1 turns
 77760 | Abyss:1  | Found a corrupted altar of Lugonu.
 78454 | Depths:1 | Escaped the Abyss
 78721 | Depths:1 | Voluntarily entered the Abyss.
 78721 | Abyss:1  | Found a corrupted altar of Lugonu.
 78998 | Depths:1 | Escaped the Abyss
 79254 | Depths:1 | Gained mutation: Scrolls take you a little longer to read. [mutagenic glow]
 79661 | Depths:1 | Voluntarily entered the Abyss.
 80096 | Abyss:1  | Reached XP level 27. HP: 307/323 MP: 31/31
 80614 | Abyss:1  | Was forgiven by Okawaru
 80882 | Abyss:1  | Found a corrupted altar of Lugonu.
 80996 | Depths:1 | Escaped the Abyss
 81452 | Vaults:5 | Entered Level 5 of the Vaults
 82065 | Vaults:5 | Noticed an ancient lich
 82068 | Vaults:5 | Killed an ancient lich
 82914 | Vaults:5 | Was forgiven by Jiyva
 83402 | Vaults:5 | Got a vibrating lead ring
 83764 | Vaults:5 | Identified the Disquisition on the Arsonist (You found it on level 5 of the Vaults)
 83816 | Vaults:5 | Reached skill level 10 in Evocations
 83988 | Vaults:5 | Got a silver rune of Zot
 84494 | Vaults:5 | Identified the ring of Fel Tet {rN+ Int+2 Dex+4} (You took it off a deep elf demonologist on level 5 of the Vaults)
 84947 | Temple   | Fell from the grace of Zin
 84947 | Temple   | Became a worshipper of the Shining One
 84947 | Temple   | Reached * piety under the Shining One
 84947 | Temple   | Reached ** piety under the Shining One
 84947 | Temple   | Reached *** piety under the Shining One
 85266 | Crypt:1  | Entered Level 1 of the Crypt
 85268 | Crypt:1  | Reached **** piety under the Shining One
 85389 | Crypt:1  | Reached ***** piety under the Shining One
 85406 | Crypt:1  | Reached skill level 27 in Fighting
 85629 | Crypt:1  | Reached ****** piety under the Shining One
 85783 | Crypt:1  | Identified a +9 giant spiked club of holy wrath (a +8 giant spiked club of flaming blessed by the Shining One)
 85783 | Crypt:1  | Received a gift from the Shining One
 86051 | Crypt:2  | Noticed Saint Roka
 86139 | Crypt:2  | Killed Saint Roka
 86562 | Crypt:3  | Entered Level 3 of the Crypt
 87043 | Crypt:3  | Noticed a greater mummy
 87087 | Crypt:3  | Killed a greater mummy
 87087 | Crypt:3  | Reached skill level 10 in Dodging
 87177 | Crypt:3  | Found an ancient bone altar of Kikubaaqudgha.
 87498 | Crypt:3  | Found a staircase to the Tomb.
 87692 | Crypt:3  | Noticed an ancient lich
 87701 | Crypt:3  | Killed an ancient lich
 87991 | Crypt:3  | Got a transparent pewter ring
 87993 | Crypt:3  | Identified the ring "Rygoy" {rElec rC+ Slay-5 SInv} (You found it on level 3 of the Crypt)
 88449 | Slime:2  | Lost mutation: You are partially covered in rugged brown scales (AC +1, +3% HP). [a shining eye]
 88451 | Slime:2  | Gained mutation: You are weak. (Str -2) [a shining eye]
 88592 | Slime:6  | Entered Level 6 of the Pits of Slime
 88660 | Slime:6  | Noticed the Royal Jelly
 88707 | Slime:5  | HP: 15/338 [acid blob[the Royal Jelly] (31)]
 88710 | Slime:4  | HP: 3/338 [acid (7)]
 88715 | Slime:4  | HP: 16/338 [azure jelly[the Royal Jelly] (1)]
 88921 | Lair:7   | Upgraded the game from 0.18-a0-1797-gc18daef to 0.18-a0-1800-gdc7a371
 88923 | Lair:7   | Gained mutation: You are somewhat resistant to further mutation. [potion of beneficial mutation]
 89419 | Pan      | Entered Pandemonium
 89826 | Pan      | Found an exit through the horrors of the Abyss.
 89864 | Pan      | Noticed Ivecual the pandemonium lord
 89885 | Pan      | Killed Ivecual the pandemonium lord
 89958 | Pan      | Noticed Linaov the pandemonium lord
 89996 | Pan      | Noticed Qrupt's ghost (legendary NaFi)
 90016 | Pan      | Killed Qrupt's ghost
 90030 | Pan      | Killed Linaov the pandemonium lord
 90637 | Pan      | HP: 16/338 [hellion/damnation (32)]
 90639 | Pan      | Killed from afar by a hellion

Vault maps used:
D:1:      shiori_arrival_whats_in_store_for_you, st_stairs_11
D:2:      uniq_jessica
D:3:      lemuel_doored_altar, nicolae_gozag_seed_capital, st_stairs_10
D:4:      corexii_shantytown, lemuel_crystal_altar, temple_pool_b, serial_shops,
          nicolae_shop_trees, columned_hall_lemuel, corexii_hall_statues_u,
          hangedman_decor_growths, hangedman_glass_teeth, uniq_edmund,
          uniq_blork_the_orc
D:5:      grunt_temple_overflow_open, serial_shops, shop_coins, first_bread,
          gammafunk_pakellas_cloud_experiment
D:6:      uniq_sigmund
D:7:      minmay_misc_feat_pillars
D:8:      lemuel_insect_pit, uniq_erica, uniq_joseph
D:9:      lemuel_round_altar, gammafunk_temple_overflow_elements, erik_orc_1,
          basic_altar, grunt_livestock, uniq_maurice
D:10:     minmay_ruffians
D:11:     minmay_lair_entry_grove, serial_shops, shop, shop, shop_coins, shop
D:12:     spider_trap
D:13:     grunt_vaults_entry_tiered
D:14:     minmay_misc_feat_rows, minmay_misc_feat_nine_boxes
D:15:     gammafunk_depths_entry_grave, minivault_14, uniq_louise
Temple:   triangle_lava_temple_12
Lair:1:   uniq_urug
Lair:2:   st_stairs_13, minivault_24
Lair:3:   minivault_29, uniq_sonja
Lair:4:   minmay_swamp_entry_reptiles, spider_nest_entry_web_field,
          infiniplex_staircase_pool
Lair:5:   nicolae_volcano_entry_lava_flow, grunt_forest_small_clearings,
          serial_bayou_shore_b, serial_bayou_shore_a, lemuel_fruit_tree
Lair:7:   slime_dummy, bh_autumn_forest_stairs
Lair:8:   grunt_lair_end_beastmaster, uniq_kirke, uniq_maud
Swamp:1:  basic_altar, uniq_donald
Swamp:2:  evilmike_swamp_ruin_house_3
Swamp:3:  infiniplex_staircase_pool_2
Swamp:4:  swamp_basic_johnstein
Spider:1: spider_trap, hive_lemuel, uniq_josephine
Spider:2: nicolae_spider_webs_and_nodes
Spider:3: uniq_mara
Spider:4: johnstein_spider_rune_arachne_lair
Slime:1:  basic_altar
Slime:4:  cheibrodos_slime_lost_civilization_5
Orc:1:    abandoned_shop, uniq_erolcha
Orc:2:    pubby_orc_utopia
Elf:1:    minmay_elf_arrival_plus, serial_shops, shop, minmay_elf_demonology,
          lemuel_flamethrower_2, uniq_frances, uniq_asterion
Elf:2:    serial_shops, nicolae_shop_stone, basic_altar, uniq_norris
Elf:3:    minmay_elf_hall_spiked, serial_shops, bzr_entry_dummy
Vaults:1: ontoclasm_vaults_ring_square, vaults_room_hallway, vaults_room_boxed,
          v_alt_pattern_5, nicolae_vaults_theta,
          ontoclasm_vaults_claustrophobia, vaults_room_fancy_cross,
          vaults_room_semicircle, nicolae_vaults_mini_display_case,
          nicolae_vaults_sealed_display, serial_shops, shop, shop, shop_statue,
          shop, nicolae_shop_trees
Vaults:2: nicolae_vaults_shelves_hall, ontoclasm_vaults_fault,
          minmay_crypt_entry_simple_corners, ontoclasm_vaults_shuriken,
          v_misc_29, vaults_mumra_chevron, vaults_room_pool,
          ontoclasm_vaults_decontamination, v_misc_9, vaults_dpeg_encased_lava
Vaults:3: vaults_mumra_hexcomb, nicolae_vaults_alarming, v_misc_15,
          hangedman_vaults_river_flow, dpeg_vaults_pockets_of_resistance,
          nicolae_vaults_three_branches, grunt_vaults_focal,
          hangedman_vaults_capsules, grunt_vaults_twisty, vaults_room_octagon,
          vaults_room_pool
Vaults:4: hangedman_vaults_corner, serial_ice_g, nicolae_vaults_shelves_hall,
          v_misc_3, ontoclasm_vaults_ring_large, ontoclasm_vaults_ligature,
          vaults_room_hallway, nicolae_vaults_asterisk,
          grunt_vaults_hallway_short, v_pattern_4, st_lattice, v_misc_13,
          nicolae_vaults_little_squares_1, vaults_standard_mumra_x,
          v_alt_pattern_4, hangedman_vaults_cutoff, enter_trove_6
Crypt:2:  uniq_saint_roka
Crypt:3:  evilmike_haunted_forest
Depths:1: hangedman_cross_veins, grunt_metal_band, abyss_entry,
          lemuel_crystal_altar, grunt_ministairs_11, laboratory
Depths:2: nooodl_glass_maze, hell_entry, serial_shops, shop
Depths:3: minmay_connected_boxes_in_corner, enter_ziggurat_e, abyss_entry,
          hangedman_decor_cross_pass, pan_entry, hell_entry, nrook_uturn,
          spider_trap, kennysheep_generic_room_11, uniq_jorgrun
Depths:4: lemuel_river_lethe, hell_entry, pan_entry, abyss_entry, serial_shops
Depths:5: evilmike_zot_entry_basic, minmay_misc_feat_ornament, hell_entry
Abyss:1:  evilmike_abyss_exit_3, bh_abyss_exit_spiral, bh_abyss_exit_grid
Abyss:5:  evilmike_abyss_rune_acolytes_2, serial_sigils_hangedman_snap,
          grunt_abyss_rune_wretched_hive
Pan:      rand_demon_5, evilmike_mini_pan_possible_glass, nicolae_pan_diamonds,
          nicolae_pan_glass_arcs, pan_blood_fountain_small
Bazaar:   bazaar_jpeg_circle_common
Trove:    trove_misc_throne_room
Volcano:  volcano_bunker

Skill      XL: |  1  2  3  4  5  6  7  8  9 10 11 12 13 14 15 16 17 18 19 20 21 22 23 24 25 26 27 |
---------------+----------------------------------------------------------------------------------+-----
Maces & Flails | 5 6 7 8 9 11 12 14 15 17 18 20 22 23 25 26 27 | 27.0
Throwing       | 3 4 6 7 11 12 14 16 17 18 19 20 21 22 25 | 25.3
Fighting       | 3 5 7 9 11 12 13 14 15 16 18 19 20 22 23 25 27 | 27.0
Armour         | 2 3 4 6 8 9 11 12 13 14 15 16 17 19 | 19.7
Evocations     | 2 4 5 6 7 8 9 10 | 10.7
Dodging        | 3 5 6 7 10 | 10.5
Invocations    | 2 5 7 8 9 10 11 13 | 13.5

Action                   |  1- 3 |  4- 6 |  7- 9 | 10-12 | 13-15 | 16-18 | 19-21 | 22-24 | 25-27 || total
-------------------------+-------+-------+-------+-------+-------+-------+-------+-------+-------++-------
Melee: Flail             |    92 |   222 |   148 |       |       |       |       |       |       ||   462
       Kick              |       |     1 |    78 |   172 |   320 |   267 |   334 |   388 |  1060 ||  2620
       Dire flail        |       |       |   205 |   542 |       |       |       |       |       ||   747
       Great mace        |       |       |       |   113 |  1099 |   426 |       |       |       ||  1638
       Giant spiked club |       |       |       |       |    38 |   551 |  1249 |  1052 |  2646 ||  5536
       Headbutt          |       |       |       |       |       |   106 |       |       |       ||   106
       Eveningstar       |       |       |       |       |       |       |       |       |    28 ||    28
Throw: Tomahawk          |     6 |       |    79 |   303 |   370 |   355 |   286 |    74 |       ||  1473
       Stone             |     1 |    54 |    11 |       |       |       |       |       |       ||    66
       Throwing net      |       |     3 |     6 |     2 |       |       |       |       |       ||    11
       Large rock        |       |       |       |    34 |    42 |    19 |     4 |   343 |   541 ||   983
       Javelin           |       |       |       |    20 |    78 |    85 |     5 |    21 |       ||   209
Invok: Heroism           |       |       |       |     3 |     4 |     2 |     1 |     3 |       ||    13
       Finesse           |       |       |       |       |       |       |       |     1 |     2 ||     3
       Request Jelly     |       |       |       |       |       |       |       |       |    77 ||    77
       Donate Gold       |       |       |       |       |       |       |       |       |    11 ||    11
       Cure Bad Mutation |       |       |       |       |       |       |       |       |     6 ||     6
       Recite            |       |       |       |       |       |       |       |       |     2 ||     2
       Summon Divine War |       |       |       |       |       |       |       |       |     4 ||     4
       Vitalisation      |       |       |       |       |       |       |       |       |     2 ||     2
       Brand Weapon With |       |       |       |       |       |       |       |       |     1 ||     1
 Abil: Evoke Blink       |       |       |       |       |       |     5 |       |       |       ||     5
Evoke: Wand              |       |       |       |     6 |     6 |       |     1 |     1 |    10 ||    24
  Use: Potion            |       |     5 |     2 |     2 |     3 |     3 |     3 |     1 |    15 ||    34
       Scroll            |       |       |     6 |     4 |    23 |    13 |     7 |    12 |    27 ||    92
 Stab: Held in net/web   |       |       |     3 |     1 |       |       |       |       |       ||     4
       Sleeping          |       |       |       |       |     3 |       |       |       |       ||     3
       Confused          |       |       |       |       |       |       |       |       |     1 ||     1
       Distracted        |       |       |       |       |       |       |       |       |     1 ||     1
  Eat: Chunk             |    13 |    11 |    27 |    39 |    47 |    39 |   118 |    47 |    36 ||   377
       Beef jerky        |       |     1 |       |       |       |       |     1 |     2 |     6 ||    10
       Pizza             |       |       |       |       |       |     2 |       |     2 |       ||     4
       Royal jelly       |       |       |       |       |       |       |     1 |     1 |     1 ||     3
       Fruit             |       |       |       |       |       |       |       |     3 |    29 ||    32
       Bread ration      |       |       |       |       |       |       |       |       |     1 ||     1
Armor: Robe              |    41 |    73 |    43 |    91 |   311 |       |       |       |       ||   559
       Skin              |       |    36 |     5 |    78 |       |       |       |       |       ||   119
       Shadow dragon arm |       |       |       |       |    74 |   260 |       |       |       ||   334
       Gold dragon armou |       |       |       |       |       |   477 |  1341 |   894 |  2292 ||  5004
Dodge: Dodged            |    66 |    94 |   125 |   252 |   397 |   204 |   350 |   280 |   887 ||  2655
Block: Other             |       |       |       |       |       |       |       |       |   157 ||   157
       Reflection        |       |       |       |       |       |       |       |       |    10 ||    10
       Large shield      |       |       |       |       |       |       |       |       |   107 ||   107
